 Dungeon Crawl Stone Soup version 0.28-a0-862-g58c29a6370 (webtiles) character file.

Game seed: 2426065959683049461

109 Peloso the Skirmisher (level 4, 0/41 HPs)
             Began as a Minotaur Fighter on Nov 16, 2021.
             Slain by an orc wizard (3 damage)
             ... on level 2 of the Dungeon.
             The game lasted 00:03:41 (1709 turns).

Peloso the Skirmisher (Minotaur Fighter)            Turns: 1709, Time: 00:03:41

Health: 0/41       AC:  9    Str: 22    XL:     4   Next: 60%
Magic:  3/3        EV:  8    Int:  5    God:
Gold:   97         SH:  4    Dex:  9    Spells: 3/3 levels left

rFire   . . .      SeeInvis .   a - +0 long sword
rCold   . . .      Faith    .   c - +0 buckler
rNeg    . . .      Spirit   .   h - +0 chain mail
rPois   .          Reflect  .   (helmet restricted)
rElec   .          Harm     .   (no cloak)
rCorr   .          Rampage  .   (no gloves)
Will    .....                   (no boots)
Stlth   ..........              (no amulet)
HPRegen 0.13/turn               (no ring)
MPRegen 0.08/turn               (no ring)

@: hasted, very quick
A: horns 2, retaliatory headbutt
a: no special abilities


You were on level 2 of the Dungeon.
You visited 1 branch of the dungeon, and saw 2 of its levels.

You collected 97 gold pieces.

Inventory:

Hand Weapons
 a - a +0 long sword (weapon)
Armour
 b - a +0 scale mail
 c - a +0 buckler (worn)
 h - a +0 chain mail (worn)
Scrolls
 e - a scroll of enchant armour {unknown}
 f - a scroll of identify
 i - a scroll of vulnerability {unknown}
 j - a scroll of enchant weapon {unknown}
Potions
 d - a potion of might


   Skills:
 + Level 4.5 Fighting
 + Level 4.0 Long Blades
 + Level 4.5 Armour
 + Level 4.0 Shields


You had 3 spell levels left.
You didn't know any spells.
Your spell library contained the following spells:

 Spells                   Type           Power      Damage    Failure   Level
 Foxfire                  Conj/Fire      0%         2x1d4     99%         1
 Conjure Flame            Conj/Fire      0%         6-21      100%        3
 Inner Flame              Hex/Fire       0%         N/A       100%        3
 Flame Wave               Conj/Fire      0%         3d3       100%        4


Dungeon Overview and Level Annotations

Branches:
Dungeon (2/15)

Altars:


Innate Abilities, Weirdness & Mutations

You have a pair of horns on your head.
You reflexively headbutt those who attack you in melee.


Message History

The kobold closely misses you. You furiously retaliate!
You headbutt the kobold!
You kill the kobold!
The orc priest mumbles some strange prayers to Beogh against you.
Beogh smites you!
* * * LOW HITPOINT WARNING * * *
It was a potion of curing.
You feel better. The orc priest hits you with a +0 club.
* * * LOW HITPOINT WARNING * * *
The orc barely misses you.
You hear some strange, mumbled words.
Something tries to affect you, but you resist.
Items here: ( ))) [.
You hit the orc priest. Your headbutt misses the orc priest.
The orc priest is moderately wounded.
The orc priest hits you but does no damage.
The orc hits you with a +0 mace.
* * * LOW HITPOINT WARNING * * *
Something hits you but does no damage.
You hit the orc priest but do no damage.
Your headbutt misses the orc priest.
The orc priest is moderately wounded.
The orc priest hits you with a +0 club.
* * * LOW HITPOINT WARNING * * *
The orc hits you with a +0 mace.
* * * LOW HITPOINT WARNING * * *
Something hits you but does no damage.
You completely miss the orc priest. You headbutt the orc priest.
The orc priest is almost dead.
The orc priest hits you but does no damage.
You slash the orc priest!
You kill the orc priest!
Something hits you but does no damage. The orc hits you but does no damage.
Your Long Blades skill increases to level 4!
You slash the orc!
You kill the orc!
You hear some strange, mumbled words.
Something tries to affect you, but you resist.
You miss something. Something hits you.
You die...

.........#########
##.###†.#..)....# .....
#......#8.....8# .....
#######.#.......# .....
#..))...#8.....8#
....###'#######.......#
.........÷).# #8.....8#
####.......)###.......#
#.......)@.#8.....8# #
#..)....{#..†......# #
#........##........# #
#..[.....########### #
#........#
#........######## ....
..................
.....
...........o†......
#......
....######...o.....
#......


There were no monsters in sight!

Vanquished Creatures
  An orc priest (D:2)
  2 adders (D:2)
  2 dart slugs
  3 orcs (D:2)
  2 bats (D:2)
  4 endoplasms
  A giant cockroach (D:2)
  10 goblins
  6 hobgoblins
  5 kobolds
  3 quokkas
  4 ball pythons
  4 frilled lizards
  6 rats (D:1)
53 creatures vanquished.

Notes
Turn   | Place    | Note
-------+----------+-------------------------------------------
     0 | D:1      | Peloso the Minotaur Fighter began the quest for the Orb.
     0 | D:1      | Reached XP level 1. HP: 19/19 MP: 0/0
   511 | D:1      | Reached XP level 2. HP: 27/27 MP: 1/1
  1110 | D:2      | Reached XP level 3. HP: 32/33 MP: 2/2
  1359 | D:2      | Found a faded altar of an unknown god.
  1536 | D:2      | Reached XP level 4. HP: 36/41 MP: 3/3
  1709 | D:2      | Slain by an orc wizard

Illustrated notes

Levels and vault maps discovered:
D:1:      dpeg_arrival_ratfight, layout_basic
D:2:      kennysheep_the_goblin_king, layout_basic,
          shapermc_ecumenical_altar_notcrosses

Skill      XL: |  1  2  3  4 |
---------------+-------------+-----
Armour         | 4 |  4.5
Shields        | 4 |  4.0
Fighting       | 4 |  4.5
Long Blades    | 3 4 |  4.0

Action                   |  1- 3 |  4- 6 || total
-------------------------+-------+-------++-------
Melee: Long sword        |   108 |    21 ||   129
       Headbutt          |    10 |     4 ||    14
  Use: Scroll            |     1 |       ||     1
       Potion            |       |     2 ||     2
Armor: Scale mail        |    19 |       ||    19
       Chain mail        |    24 |    11 ||    35
Dodge: Dodged            |    46 |    12 ||    58
Block: Buckler           |    26 |     1 ||    27

Table legend: (Time is in decaauts)
 A = Elapsed time spent in this place.
 B = Non-inter-level travel time spent in this place.
 C = Inter-level travel time spent in this place.
 D = Time resting spent in this place.
 E = Time spent auto-exploring this place.
 F = Levels seen in this place.
 G = Mean time per level.
                   A        B        C        D        E       F      G
               +--------+--------+--------+--------+--------+-----+--------+
         Total |   1742 |   1724 |     18 |      0 |   1293 |   2 |  871.0 |
       Dungeon |   1742 |   1724 |     18 |      0 |   1293 |   2 |  871.0 |
               +--------+--------+--------+--------+--------+-----+--------+

Top non-repeatable levels by time:
     D:1: 1110 daAuts
     D:2: 631 daAuts
